 Dungeon Crawl Stone Soup version 0.21.1-1-g345015f (webtiles) character file.

272 Goblin1989 the Cudgeler (level 6, -6/47 HPs)
             Began as a Demonspawn Chaos Knight on Feb 20, 2018.
             Mangled by a hippogriff (8 damage)
             ... on level 4 of the Dungeon.
             The game lasted 00:07:55 (3617 turns).

Goblin1989 the Cudgeler (Demonspawn Chaos Knight)   Turns: 3617, Time: 00:07:56

Health: -6/47      AC:  8    Str: 14    XL:     6   Next: 2%
Magic:  6/6        EV:  9    Int: 13    God:    Xom [.*....]
Gold:   95         SH:  0    Dex: 13    Spells: 5/5 levels left

rFire    + . .     SeeInvis .   a - +0 mace (chaos)
rCold    . . .     Gourm    .   (no shield)
rNeg     . . .     Faith    .   q - +0 scale mail
rPois    .         Spirit   .   (helmet restricted)
rElec    .         Reflect  .   (no cloak)
rCorr    .         Harm     .   (no gloves)
MR       .....                  (no boots)
Stlth    ..........             (no amulet)
HPRegen  0.15/turn              (no ring)
MPRegen  0.10/turn              (no ring)

@: hasted, drained, very quick
A: horns 1, icy blue scales 1, fire resistance 1, flame cloud immunity
a: Renounce Religion


You were on level 4 of the Dungeon.
You worshipped Xom.
You were a plaything of Xom.
You were hungry.

You visited 1 branch of the dungeon, and saw 4 of its levels.

You collected 95 gold pieces.

Inventory:

Hand Weapons
 a - a +0 mace of chaos (weapon)
Missiles
 l - 7 silver javelins (quivered)
Armour
 b - a +2 leather armour
 q - a +0 scale mail (worn)
Wands
 r - a wand of flame (18)
Scrolls
 j - 2 scrolls of remove curse {@r2}
 k - a scroll of fog {unknown}
 m - a scroll of teleportation {unknown}
 o - a scroll of magic mapping {unknown}
 p - a scroll of enchant armour {unknown}
 s - 2 scrolls of identify {unknown}
 u - a scroll of fear {unknown}
Potions
 g - a potion of curing {@q1}
Comestibles
 e - 2 rations


   Skills:
 + Level 3.4(2.7) Fighting
 * Level 5.4(4.7) Maces & Flails
 - Level 1.3(0.6) Throwing
 + Level 1.7(1.1) Armour
 + Level 1.7(1.0) Dodging


You had 5 spell levels left.
You didn't know any spells.

Dungeon Overview and Level Annotations

Branches:
Dungeon (4/15)
 Temple: D:4-7

Altars:
Elyvilon
Gozag
Yredelemnul


Innate Abilities, Weirdness & Mutations

You have a pair of small horns on your head.
You are partially covered in icy blue scales. (AC +2)
Your flesh is heat resistant. (rF+)
You are immune to clouds of flame.


Message History

The hippogriff screeches!
It was a potion of haste.
You feel yourself speed up. The wight hits you with a falchion.
* * * LOW HITPOINT WARNING * * *
You take 1 damage, and have 6/41 hp.
It was a potion of curing.
You feel better.
Xom thinks this is hilarious!
You regained 8 hp, and now have 14/41 hp.
You feel better. The wight barely misses you.
You regained 6 hp, and now have 20/41 hp.
You barely miss the wight.
The wight is almost destroyed.
The wight hits you but does no damage.
You hit the wight but do no damage.
The wight flickers and vanishes!
Deactivating autopickup; reactivate with Ctrl-A.
You hit something.
Nothing appears to happen.
Something hits you.
* * * LOW HITPOINT WARNING * * *
You feel drained.
* * * LOW HITPOINT WARNING * * *
You take 3 damage, and have 17/41 hp.
You closely miss something. Something hits you.
* * * LOW HITPOINT WARNING * * *
You take 3 damage, and have 14/41 hp.
It was a potion of heal wounds.
You feel much better.
Xom thinks this is hilarious!
Health restored: 41 Unknown command.
You closely miss something. You barely miss the wight.
You closely miss the wight.
The wight hits you with an enchanted halberd!
You feel drained.
You take 15 damage, and have 26/41 hp.
MASSIVE DAMAGE!!
You closely miss the wight. The wight completely misses you.
You barely miss the wight. You closely miss the wight.
The wight closely misses you.
You hit the wight. You burn the wight.
The wight is lightly damaged.
The wight barely misses you.
You hit the wight. You burn the wight.
The wight is heavily damaged.
The wight hits you but does no damage.
You hit the wight.
The wight is severely damaged.
You sock the wight!
You destroy the wight!
Your base Throwing skill increases to level 1!
Unknown command.
You miss something. Something hits you but does no damage.
Unknown command.
You hit something.
Reactivating autopickup.
You have reached level 6!
Your experience leads to an increase in your attributes!
Increase (S)trength, (I)ntelligence, or (D)exterity?
You feel stronger.
Your demonic ancestry asserts itself...
A pair of horns grows on your head!
You feel a bit more experienced.
You regained 4 hp, and now have 31/47 hp.
MP restored: 6 The hippogriff bites you.
The hippogriff pecks you. The hippogriff barely misses you.
Items here: )) [[ a falchion; a robe; an enchanted halberd; a robe You take 3 damage, and have 28/47 hp.
You sock the hippogriff! You headbutt the hippogriff.
The hippogriff is moderately wounded.
The hippogriff bites you but does no damage.
The hippogriff barely misses you. The hippogriff claws you.
You take 2 damage, and have 26/47 hp.
You hit the hippogriff.
The hippogriff is moderately wounded.
The hippogriff bites you but does no damage.
The hippogriff completely misses you.
The hippogriff claws you but does no damage.
You are feeling hungry.
You hit the hippogriff.
The hippogriff goes berserk!
The hippogriff is heavily wounded.
The hippogriff bites you!
* * * LOW HITPOINT WARNING * * *
The hippogriff pecks you but does no damage.
The hippogriff barely misses you.
You take 8 damage, and have 18/47 hp.
You hit the hippogriff but do no damage.
The hippogriff twitches.
Your headbutt misses the hippogriff.
The hippogriff is heavily wounded.
The hippogriff bites you!
* * * LOW HITPOINT WARNING * * *
The hippogriff pecks you but does no damage.
The hippogriff completely misses you.
You take 9 damage, and have 9/47 hp.
You barely miss the hippogriff. You headbutt the hippogriff.
The hippogriff is heavily wounded.
The hippogriff closely misses you. The hippogriff pecks you.
* * * LOW HITPOINT WARNING * * *
The hippogriff closely misses you. x2; The hippogriff pecks you.
* * * LOW HITPOINT WARNING * * *
The hippogriff claws you!
You die...
Xom titters!

.... █.. ███ ...
..█ █ █ █.█ █.█
.█ █. █.███.██.█
█.█ ██.......█
█..███.███..█.██
█.█H██ ██.█ .


██@██ █.█.█ ████████.█.█ ....H......█ ████████.███ █.█ █.█ █.█ █.█ █.█ You could
see a hippogriff (berserk).

Vanquished Creatures
  2 wights (D:4)
  An orc priest (D:3)
  Terence (D:2)
  A river rat (D:3)
  2 adders
  3 oozes
  4 worms
  2 dart slugs
  2 leopard geckos (D:1)
  6 orcs (D:3)
  10 bats
  7 giant cockroaches
  5 goblins
  7 hobgoblins
  3 jackals (D:1)
  3 quokkas
  5 frilled lizards
  4 kobolds
  6 rats
74 creatures vanquished.

Vanquished Creatures (collateral kills)
  2 giant cockroaches
2 creatures vanquished.

Grand Total: 76 creatures vanquished

Notes
Turn   | Place    | Note
-------+----------+-------------------------------------------
     0 | D:1      | Goblin1989 the Demonspawn Chaos Knight began the quest for the Orb.
     0 | D:1      | Reached XP level 1. HP: 18/18 MP: 1/1
    29 | D:1      | Reached skill level 3 in Maces & Flails
   135 | D:1      | Gained mutation: Your flesh is heat resistant. (rF+) [demonic ancestry]
   135 | D:1      | Reached XP level 2. HP: 7/24 MP: 2/2
   406 | D:1      | XOM: divination: detect creatures
   413 | D:1      | XOM: harmless Fire miscast
   525 | D:1      | XOM: god gift: scroll labeled UXTIDE SIEDA {god gift}
   700 | D:1      | Gained mutation: You are partially covered in icy blue scales. (AC +2) [demonic ancestry]
   700 | D:1      | Reached XP level 3. HP: 25/29 MP: 3/3
   820 | D:1      | Reached skill level 4 in Maces & Flails
   855 | D:1      | XOM: harmless Conj miscast
  1273 | D:2      | XOM: cloud trail
  1496 | D:2      | Noticed Terence
  1508 | D:2      | Killed Terence
  1508 | D:2      | Reached XP level 4. HP: 25/35 MP: 4/4
  1969 | D:2      | XOM: god gift: large onyx ring {god gift}
  2386 | D:3      | Reached skill level 1 in Dodging
  2396 | D:3      | Reached skill level 5 in Maces & Flails
  2571 | D:3      | Found an opulent altar of Gozag.
  2571 | D:3      | Found a basalt altar of Yredelemnul.
  2603 | D:3      | Found a white marble altar of Elyvilon.
  2660 | D:3      | XOM: cleaving
  2664 | D:3      | Gained mutation: You are immune to clouds of flame. [demonic ancestry]
  2664 | D:3      | Reached XP level 5. HP: 41/41 MP: 5/5
  2685 | D:3      | XOM: cast spell 'Shadow Creatures'
  3055 | D:3      | XOM: medium Conj miscast
  3237 | D:3      | XOM: mild Erth miscast
  3556 | D:4      | XOM: swap monsters
  3579 | D:4      | Noticed a hippogriff
  3609 | D:4      | Reached skill level 1 in Throwing
  3611 | D:4      | Gained mutation: You have a pair of small horns on your head. [demonic ancestry]
  3611 | D:4      | Reached XP level 6. HP: 31/47 MP: 6/6
  3617 | D:4      | HP: 2/47 [hippogriff (3)]
  3617 | D:4      | Mangled by a hippogriff

Skill      XL: |  1  2  3  4  5 |
---------------+----------------+-----
Maces & Flails | 3 4 5 |  5.4
Dodging        | 1 |  1.7
Throwing       | 1 |  1.3
Fighting       | |  3.4
Armour         | |  1.7

Action                   |  1- 3 |  4- 6 || total
-------------------------+-------+-------++-------
Melee: Mace              |   149 |   123 ||   272
       Headbutt          |       |     2 ||     2
  Use: Potion            |       |     4 ||     4
       Scroll            |       |     2 ||     2
 Stab: Paralysed         |     4 |       ||     4
       Sleeping          |     1 |       ||     1
  Eat: Chunk             |     2 |     3 ||     5
       Ration            |       |     1 ||     1
Armor: Leather armour    |    72 |     6 ||    78
       Scale mail        |       |    42 ||    42
Dodge: Dodged            |   110 |    53 ||   163

Vault maps used:
D:1:      lemuel_arrival_cross, hex_medium, hangedman_decor_lopped
D:2:      first_ration, uniq_terence
D:3:      elyvilon_altar_4, gammafunk_temple_overflow_elements, minmay_quantized
D:4:      lemuel_blue_sif_altar, nicolae_tso_carved_into_rock, xom_teletrap_fun
